| TOP OF THE 1ST |
|
Columbus Clippers batting - Pitching for Round Rock Express : LHP John McRight
|
|
Pitching: LHP John McRight
|
|
|
Batting: RHB Jason Sher
|
0-0: Called Strike 0-1: Ball 1-1: Called Strike 1-2: Ball 2-2: Foul Ball, location: 2F 2-2: Ball 3-2: Foul Ball, location: 2F 3-2: Base on Balls
|
|
Batting: RHB Rick O'Reilly
|
0-0: Ball 1-0: Ball 2-0: Called Strike 2-1: Ball 3-1: Fly out, F3 (Line Drive, 3L, EV 70.0 MPH)
|
|
Batting: RHB Mike Quackenbush
|
0-0: Ball 1-0: Ball 2-0: SINGLE (Groundball, 5S, EV 67.5 MPH) (infield hit) Jason Sher to second
|
|
Batting: RHB Josh Hoeye
|
0-0: Called Strike 0-1: Fly out, F6 (Line Drive, 6M, EV 67.5 MPH)
|
|
Batting: RHB Kyle Scruggs
|
0-0: Called Strike 0-1: Called Strike 0-2: Ball 1-2: Foul Ball, location: 2F 1-2: Ball 2-2: Foul Ball, location: 2F 2-2: Foul Ball, location: 2F 2-2: Foul Ball, location: 2F 2-2: Foul Ball, location: 2F 2-2: Fly out, F7 (Line Drive, 7D, EV 93.1 MPH)
|
| Top of the 1st over - 0 runs, 1 hit, 0 errors, 2 left on base; Columbus 0 - Round Rock 0 |
| BOTTOM OF THE 1ST |
|
Round Rock Express batting - Pitching for Columbus Clippers : RHP Ferdi Schipper
|
|
Pitching: RHP Ferdi Schipper
|
|
|
Batting: RHB Doug Hammertime
|
0-0: Foul Ball, location: 2F 0-1: Called Strike 0-2: Strikes out swinging
|
|
Batting: RHB Jonathan Rangel
|
0-0: Ball 1-0: Called Strike 1-1: Ball 2-1: Called Strike 2-2: Strikes out swinging wild pitch, reaches first!
|
|
Batting: RHB Ryan Kinkead
|
0-0: Called Strike 0-1: Ball 1-1: Ball 2-1: Swinging Strike 2-2: Foul Ball, location: 2F 2-2: Ball 3-2: Fly out, F7 (Flyball, 7D, EV 91.2 MPH) Runner from 1st tags up, SAFE at 2nd
|
|
Batting: RHB Noah Stanley
|
0-0: Called Strike 0-1: Fly out, F8 (Flyball, 78S, EV 91.2 MPH)
|
| Bottom of the 1st over - 0 runs, 0 hits, 0 errors, 1 left on base; Columbus 0 - Round Rock 0 |
| TOP OF THE 2ND |
|
Columbus Clippers batting - Pitching for Round Rock Express : LHP John McRight
|
|
Batting: RHB Justin Ganey
|
0-0: Ball 1-0: Swinging Strike 1-1: Ground out 4-3 (Groundball, 4, EV 88.1 MPH)
|
|
Batting: RHB George Wagner
|
0-0: Foul Ball, location: 2F 0-1: Ball 1-1: Foul Ball, location: 2F 1-2: Foul Ball, location: 2F 1-2: Foul Ball, location: 2F 1-2: Strikes out swinging
|
|
Batting: LHB Jesus Lozano
|
0-0: Ball 1-0: Ball 2-0: Foul Ball, location: 2F 2-1: Ground out 1-3 (Groundball, 13, EV 68.1 MPH)
|
| Top of the 2nd over - 0 runs, 0 hits, 0 errors, 0 left on base; Columbus 0 - Round Rock 0 |
| BOTTOM OF THE 2ND |
|
Round Rock Express batting - Pitching for Columbus Clippers : RHP Ferdi Schipper
|
|
Batting: SHB Javy Rosa
|
0-0: Ground out U3 (Groundball, 3, EV 77.5 MPH)
|
|
Batting: RHB Jarrod Joyce
|
0-0: Called Strike 0-1: Ball 1-1: Foul Ball, location: 2F 1-2: DOUBLE (Flyball, 8RXD, EV 101.2 MPH)
|
|
Batting: RHB Adryão Anto
|
0-0: Called Strike 0-1: Called Strike 0-2: Ball 1-2: Ground out 6-3 (Groundball, 6S, EV 70.6 MPH) Jarrod Joyce to third
|
|
Batting: RHB Ivan Colon
|
0-0: Ball 1-0: Foul Ball, location: 2F 1-1: Ball Wild Pitch! Jarrod Joyce scores 2-1: Foul Ball, location: 2F 2-2: Ground out 6-3 (Groundball, 6, EV 105.6 MPH)
|
| Bottom of the 2nd over - 1 run, 1 hit, 0 errors, 0 left on base; Columbus 0 - Round Rock 1 |
| TOP OF THE 3RD |
|
Columbus Clippers batting - Pitching for Round Rock Express : LHP John McRight
|
|
Batting: LHB John Harring
|
0-0: Called Strike 0-1: Foul Ball, location: 2F 0-2: Strikes out looking
|
|
Batting: RHB Jason Sher
|
0-0: Foul Ball, location: 2F 0-1: SINGLE (Groundball, 6D, EV 95.6 MPH)
|
|
Batting: RHB Rick O'Reilly
|
0-0: Ball 1-0: Swinging Strike 1-1: Swinging Strike 1-2: Ball 2-2: Ball 3-2: SINGLE (Groundball, 6MD, EV 98.8 MPH) Jason Sher to second Runner from 2nd tries for 3rd, SAFE, throw by CF made to third
|
|
Batting: RHB Mike Quackenbush
|
0-0: Ball 1-0: Called Strike 1-1: Called Strike 1-2: Ball 2-2: Strikes out looking
|
|
Batting: RHB Josh Hoeye
|
0-0: Called Strike 0-1: Ball 1-1: Ball 2-1: Foul Ball, location: 2F 2-2: Foul Ball, location: 2F 2-2: Foul Ball, location: 2F 2-2: Foul Ball, location: 2F 2-2: Ball 3-2: Strikes out swinging
|
| Top of the 3rd over - 0 runs, 2 hits, 0 errors, 2 left on base; Columbus 0 - Round Rock 1 |
| BOTTOM OF THE 3RD |
|
Round Rock Express batting - Pitching for Columbus Clippers : RHP Ferdi Schipper
|
|
Batting: RHB Josh Ferguson
|
0-0: Bunted foul 0-1: Ball 1-1: Ball 2-1: Ground out 5-3 (Groundball, 56, EV 83.1 MPH)
|
|
Batting: RHB Doug Hammertime
|
0-0: Ball 1-0: Ball 2-0: Called Strike 2-1: Ball 3-1: Called Strike 3-2: Ground out U3 (Groundball, 13, EV 87.5 MPH)
|
|
Batting: RHB Jonathan Rangel
|
0-0: Ball 1-0: Ball 2-0: Ground out 6-3 (Groundball, 6, EV 108.1 MPH)
|
| Bottom of the 3rd over - 0 runs, 0 hits, 0 errors, 0 left on base; Columbus 0 - Round Rock 1 |
| TOP OF THE 4TH |
|
Columbus Clippers batting - Pitching for Round Rock Express : LHP John McRight
|
|
Batting: RHB Kyle Scruggs
|
0-0: Ground out 5-3 (Groundball, 56, EV 105.0 MPH)
|
|
Batting: RHB Justin Ganey
|
0-0: Ball 1-0: Fly out, F8 (Flyball, 89M, EV 90.6 MPH)
|
|
Batting: RHB George Wagner
|
0-0: Foul Ball, location: 2F 0-1: Swinging Strike 0-2: Ball 1-2: SINGLE (Groundball, 6MD, EV 97.5 MPH)
|
|
Batting: LHB Jesus Lozano
|
0-0: 2-RUN HOME RUN (Flyball, 9LD, EV 98.8 MPH), Distance : 409 ft
|
|
Batting: LHB John Harring
|
0-0: Ball 1-0: DOUBLE (Line Drive, 3D, EV 100.6 MPH)
|
|
Batting: RHB Jason Sher
|
0-0: SINGLE (Groundball, 6M, EV 102.5 MPH) (infield hit) John Harring to third
|
|
Batting: RHB Rick O'Reilly
|
0-0: Ball 1-0: Fly out, F9 (Line Drive, 9, EV 95.0 MPH)
|
| Top of the 4th over - 2 runs, 4 hits, 0 errors, 2 left on base; Columbus 2 - Round Rock 1 |
| BOTTOM OF THE 4TH |
|
Round Rock Express batting - Pitching for Columbus Clippers : RHP Ferdi Schipper
|
|
Batting: RHB Ryan Kinkead
|
0-0: Ball 1-0: Called Strike 1-1: Foul Ball, location: 2F 1-2: Strikes out swinging
|
|
Batting: RHB Noah Stanley
|
0-0: Ball 1-0: Ball 2-0: Ground out 5-3 (Groundball, 56, EV 98.8 MPH)
|
|
Batting: SHB Javy Rosa
|
0-0: Foul Ball, location: 2F 0-1: Ball 1-1: Ball 2-1: Ball 3-1: Base on Balls
|
|
Batting: RHB Jarrod Joyce
|
0-0: Ball 1-0: Ball 2-0: Foul Ball, location: 2F 2-1: Called Strike 2-2: Strikes out swinging
|
| Bottom of the 4th over - 0 runs, 0 hits, 0 errors, 1 left on base; Columbus 2 - Round Rock 1 |
| TOP OF THE 5TH |
|
Columbus Clippers batting - Pitching for Round Rock Express : LHP John McRight
|
|
Batting: RHB Mike Quackenbush
|
0-0: Ball 1-0: Ground out 4-3 (Groundball, 4, EV 84.4 MPH)
|
|
Batting: RHB Josh Hoeye
|
0-0: Foul Ball, location: 2F 0-1: Ball 1-1: Ball 2-1: Swinging Strike 2-2: Ball 3-2: DOUBLE (Flyball, 89XD, EV 96.9 MPH)
|
|
Batting: RHB Kyle Scruggs
|
0-0: Ball 1-0: Swinging Strike 1-1: Hit by Pitch
|
|
Batting: RHB Justin Ganey
|
0-0: Foul Ball, location: 2F 0-1: Ball 1-1: Fly out, F8 (Flyball, 8LD, EV 106.2 MPH)
|
|
Batting: RHB George Wagner
|
0-0: SINGLE (Groundball, 34D, EV 103.8 MPH) Josh Hoeye to third Kyle Scruggs to second Runner from 3rd tries for Home, SAFE, throw by RF to home
|
|
Batting: LHB Jesus Lozano
|
0-0: Ball 1-0: Foul Ball, location: 2F 1-1: Foul Ball, location: 2F 1-2: Ball 2-2: Foul Ball, location: 2F 2-2: Ball 3-2: Ground out 6-3 (Groundball, 6, EV 80.0 MPH)
|
| Top of the 5th over - 1 run, 2 hits, 0 errors, 2 left on base; Columbus 3 - Round Rock 1 |
| BOTTOM OF THE 5TH |
|
Round Rock Express batting - Pitching for Columbus Clippers : RHP Ferdi Schipper
|
|
Batting: RHB Adryão Anto
|
0-0: Foul Ball, location: 2F 0-1: Fly out, F9 (Line Drive, 9, EV 93.8 MPH)
|
|
Batting: RHB Ivan Colon
|
0-0: Ball 1-0: Ball 2-0: Called Strike 2-1: Foul Ball, location: 2F 2-2: Ball 3-2: Base on Balls
|
|
Batting: RHB Josh Ferguson
|
0-0: Swinging Strike 0-1: Called Strike 0-2: Strikes out swinging
|
|
Batting: RHB Doug Hammertime
|
0-0: Ball 1-0: Called Strike 1-1: Foul Ball, location: 2F Pickoff Throw to First - Out! 1-3
|
| Bottom of the 5th over - 0 runs, 0 hits, 0 errors, 0 left on base; Columbus 3 - Round Rock 1 |
| TOP OF THE 6TH |
|
Columbus Clippers batting - Pitching for Round Rock Express : LHP John McRight
|
|
Pitching: LHP Alex Boites
|
|
|
Batting: LHB John Harring
|
0-0: Called Strike 0-1: Ball 1-1: Reached via error on a dropped throw from 3B, E3 (Groundball, 56S, EV 66.9 MPH)
|
|
Batting: RHB Jason Sher
|
0-0: Ball John Harring steals 2nd base 1-0: Ground out 5-3 (Groundball, 56, EV 111.2 MPH)
|
|
Batting: RHB Rick O'Reilly
|
0-0: Ball 1-0: Foul Ball, location: 2F 1-1: Swinging Strike 1-2: Strikes out swinging
|
|
Batting: RHB Mike Quackenbush
|
0-0: Ball 1-0: Ball 2-0: Ball 3-0: Ground out 5-3 (Groundball, 56S, EV 84.4 MPH)
|
| Top of the 6th over - 0 runs, 0 hits, 1 error, 1 left on base; Columbus 3 - Round Rock 1 |
| BOTTOM OF THE 6TH |
|
Round Rock Express batting - Pitching for Columbus Clippers : RHP Ferdi Schipper
|
|
Batting: RHB Doug Hammertime
|
0-0: Ball 1-0: Called Strike 1-1: Ball 2-1: Fly out, F8 (Flyball, 8LXD, EV 100.0 MPH)
|
|
Batting: RHB Jonathan Rangel
|
0-0: Ball 1-0: Swinging Strike 1-1: Swinging Strike 1-2: Ground out 5-3 (Groundball, 56, EV 88.8 MPH)
|
|
Batting: RHB Ryan Kinkead
|
0-0: Ball 1-0: Called Strike 1-1: Called Strike 1-2: Ball 2-2: Ground out 3-1 (Groundball, 34S, EV 89.4 MPH)
|
| Bottom of the 6th over - 0 runs, 0 hits, 0 errors, 0 left on base; Columbus 3 - Round Rock 1 |
| TOP OF THE 7TH |
|
Columbus Clippers batting - Pitching for Round Rock Express : LHP Alex Boites
|
|
Pitching: RHP Jeff Kidd
|
|
|
Batting: RHB Josh Hoeye
|
0-0: Swinging Strike 0-1: Ball 1-1: Called Strike 1-2: Ball 2-2: Strikes out swinging
|
|
Batting: RHB Kyle Scruggs
|
0-0: Ball 1-0: Ball 2-0: Swinging Strike 2-1: Fly out, F3 (Popup, 34, EV 70.6 MPH)
|
|
Batting: RHB Justin Ganey
|
0-0: Ball 1-0: Ball 2-0: Ground out 4-3 (Groundball, 4, EV 86.2 MPH)
|
| Top of the 7th over - 0 runs, 0 hits, 0 errors, 0 left on base; Columbus 3 - Round Rock 1 |
| BOTTOM OF THE 7TH |
|
Round Rock Express batting - Pitching for Columbus Clippers : RHP Ferdi Schipper
|
|
Now at 1B: John Harring
|
|
|
Now in RF: Chad Thompson
|
|
|
Batting: RHB Noah Stanley
|
0-0: Called Strike 0-1: Foul Ball, location: 2F 0-2: Strikes out swinging
|
|
Batting: SHB Javy Rosa
|
0-0: Ball 1-0: Foul Ball, location: 2F 1-1: Fly out, F7 (Flyball, 7, EV 95.6 MPH)
|
|
Batting: RHB Jarrod Joyce
|
0-0: Ball 1-0: Ball 2-0: Foul Ball, location: 2F 2-1: SINGLE (Line Drive, 8LS, EV 104.4 MPH)
|
|
Batting: RHB Adryão Anto
|
0-0: Ball 1-0: Ball 2-0: Ball 3-0: Called Strike 3-1: Foul Ball, location: 2F 3-2: SINGLE (Line Drive, 3D, EV 98.1 MPH) Jarrod Joyce to second Jarrod Joyce to third
|
|
Pitching: LHP Heath Ryland
|
|
|
Batting: RHB Ivan Colon
|
0-0: Called Strike 0-1: Fly out, F8 (Flyball, 8RM, EV 95.0 MPH)
|
| Bottom of the 7th over - 0 runs, 2 hits, 0 errors, 2 left on base; Columbus 3 - Round Rock 1 |
| TOP OF THE 8TH |
|
Columbus Clippers batting - Pitching for Round Rock Express : RHP Jeff Kidd
|
|
Batting: RHB George Wagner
|
0-0: Ball 1-0: Ball 2-0: Ball 3-0: Swinging Strike 3-1: SINGLE (Line Drive, 78M, EV 96.2 MPH)
|
|
Batting: RHB Chad Thompson
|
0-0: Called Strike George Wagner steals 2nd, throwing error, E2 George Wagner to third 0-1: Foul Ball, location: 2F 0-2: Foul Ball, location: 2F 0-2: Ball 1-2: Foul Ball, location: 2F 1-2: Ball 2-2: Fly out, F8 (Line Drive, 8LD, EV 86.9 MPH)
|
|
Batting: LHB John Harring
|
0-0: Intentional Walk
|
|
Pinch Hitting: LHB Zion Davidson
|
Pickoff Throw to First - Out! 1-3 0-0: Ball 1-0: Ball 2-0: Foul Ball, location: 2F 2-1: Ball 3-1: Base on Balls
|
|
Batting: RHB Rick O'Reilly
|
0-0: Foul Ball, location: 2F 0-1: Called Strike 0-2: Ball 1-2: Fielders Choice at 2nd, 6-4 (Groundball, 6, EV 97.5 MPH)
|
| Top of the 8th over - 0 runs, 1 hit, 1 error, 2 left on base; Columbus 3 - Round Rock 1 |
| BOTTOM OF THE 8TH |
|
Round Rock Express batting - Pitching for Columbus Clippers : LHP Heath Ryland
|
|
Now at 2B: Rick O'Reilly
|
|
|
Now in LF: Zion Davidson
|
|
|
Batting: RHB Josh Ferguson
|
0-0: Called Strike 0-1: Foul Ball, location: 2F 0-2: Ball 1-2: Ball 2-2: Ball 3-2: Base on Balls
|
|
DELAY
|
Rain delay of 49 minutes in the 8th inning.
|
|
Batting: RHB Doug Hammertime
|
0-0: Ball 1-0: Foul Ball, location: 2F 1-1: Swinging Strike 1-2: Ball 2-2: Foul Ball, location: 2F 2-2: Foul Ball, location: 2F 2-2: Ball 3-2: Base on Balls Josh Ferguson to second
|
|
Batting: RHB Jonathan Rangel
|
0-0: Ball 1-0: Bunted foul 1-1: Sac Bunt to 3S - play at first, batter OUT! 3-1 Josh Ferguson to third Doug Hammertime to second
|
|
Batting: RHB Ryan Kinkead
|
0-0: Ball 1-0: Ball 2-0: Ball 3-0: Called Strike 3-1: Base on Balls
|
|
Batting: RHB Noah Stanley
|
0-0: Ball 1-0: Foul Ball, location: 2F 1-1: Foul Ball, location: 2F 1-2: Foul Ball, location: 2F 1-2: Grounds into fielders choice 5-2 (Groundball, 5L, EV 98.1 MPH) Doug Hammertime to third Ryan Kinkead to second
|
|
Pitching: RHP Paul Lewis
|
|
|
Batting: SHB Javy Rosa
|
0-0: Ball 1-0: Ball 2-0: Ball 3-0: Called Strike 3-1: Foul Ball, location: 2F 3-2: DOUBLE (Line Drive, 7LM, EV 95.0 MPH) Doug Hammertime scores Ryan Kinkead scores Noah Stanley to third Noah Stanley scores
|
|
Pinch Hitting: SHB Pat Wilson
|
0-0: Ball 1-0: Ball 2-0: Ball 3-0: Base on Balls
|
|
Batting: RHB Adryão Anto
|
0-0: Called Strike 0-1: Called Strike 0-2: Ball 1-2: Ball 2-2: Strikes out swinging
|
| Bottom of the 8th over - 3 runs, 1 hit, 0 errors, 2 left on base; Columbus 3 - Round Rock 4 |
| TOP OF THE 9TH |
|
Columbus Clippers batting - Pitching for Round Rock Express : RHP Jeff Kidd
|
|
Pitching: LHP Dylan Batstone
|
|
|
Now at 3B: Chance Lamb
|
|
|
Batting: RHB Mike Quackenbush
|
0-0: Ground out 6-3 (Groundball, 6, EV 78.8 MPH)
|
|
Batting: RHB Josh Hoeye
|
0-0: Called Strike 0-1: Ball 1-1: Swinging Strike 1-2: Strikes out looking
|
|
Batting: RHB Kyle Scruggs
|
0-0: Foul Ball, location: 2F 0-1: Called Strike 0-2: Ball 1-2: Strikes out looking
|
| Top of the 9th over - 0 runs, 0 hits, 0 errors, 0 left on base; Columbus 3 - Round Rock 4 |
|